 Dungeon Crawl Stone Soup version 0.19.1-1-g22dce08 (webtiles) character file.

541 niquify the Gusty (level 7, -1/38 HPs)
             Began as a Tengu Air Elementalist on Jan 4, 2017.
             Was a Follower of Vehumet.
             Slain by an ogre
             ... wielding a +0 giant club
              (10 damage)
             ... on level 6 of the Dungeon.
             The game lasted 00:30:39 (5393 turns).

niquify the Gusty (Tengu Air Elementalist)          Turns: 5393, Time: 00:30:40

Health: -1/38      AC:  3    Str:  8    XL:     7   Next: 26%
Magic:  4/14       EV: 13    Int: 17    God:    Vehumet [*.....]
Gold:   261        SH:  0    Dex: 15    Spells: 5 memorised, 5 levels left

rFire  . . .     SeeInvis .     r - +0 trident (protect)
rCold  + . .     Gourm    .     a - +1 robe
rNeg   . . .     Faith    +     (no shield)
rPois  .         Spirit   .     (helmet restricted)
rElec  .         Reflect  .     (no cloak)
rCorr  .         Harm     .     (no gloves)
MR     .....                    (boots unavailable)
Stlth  ++........               i - amulet of faith
                                (no ring)
                                m - ring of protection from cold

@: repel missiles
A: beak, talons 3, able to fly 1
a: Fly, Renounce Religion


You were on level 6 of the Dungeon.
You worshipped Vehumet.
Vehumet was aware of your devotion.
You were not hungry.

You visited 1 branch of the dungeon, and saw 6 of its levels.

You collected 261 gold pieces.

Inventory:

Hand Weapons
 e - a +0 hand axe
 r - a +0 trident of protection (weapon)
Missiles
 f - 10 poisoned needles
Armour
 a - a +1 robe (worn)
Jewellery
 i - an amulet of faith (around neck)
 m - a ring of protection from cold (left hand)
Scrolls
 g - a scroll of teleportation
 l - a scroll of fear
 n - a scroll of random uselessness
 o - a scroll of identify
 q - 2 scrolls of remove curse
Potions
 d - a potion of agility
 h - 2 potions of lignification
 j - 2 potions of degeneration {unknown}
 p - a potion of ambrosia {unknown}
 s - a potion of curing
Books
 b - a book of Air

   Spells                             Type                      Level
   a - Shock                          Conjuration/Air              1
   b - Swiftness                      Charms/Air                   2
   c - Repel Missiles                 Charms/Air                   2
   d - Static Discharge               Conjuration/Air              3
   e - Lightning Bolt                 Conjuration/Air              5
Comestibles
 c - a bread ration
 k - a meat ration


   Skills:
 * Level 1.1 Fighting
 - Level 0.9(1.4) Axes
 + Level 1.5(1.7) Polearms
 - Level 2.7 Dodging
 + Level 2.2 Stealth
 * Level 4.0 Spellcasting
 * Level 4.8 Conjurations
 * Level 6.7 Air Magic


You had 5 spell levels left.
You knew the following spells:

 Your Spells              Type           Power        Failure   Level  Hunger
a - Shock                 Conj/Air       ###.         1%          1    None
b - Static Discharge      Conj/Air       ###.....     6%          3    ###....
c - Swiftness             Chrm/Air       ##......     10%         2    ##.....
d - Repel Missiles        Chrm/Air       ##....       10%         2    ##.....
e - Flame Tongue          Conj/Fire      ##...        10%         1    None


Dungeon Overview and Level Annotations

Branches:
Dungeon (6/15)
 Temple: D:4-7

Altars:
Ashenzari
Dithmenos
Elyvilon
Fedhas
Kikubaaqudgha
Okawaru
Qazlal
Ru
Vehumet


Innate Abilities, Weirdness & Mutations

You have a beak for a mouth.
You have claws for feet.
You can fly.


Message History

The ogre barely misses you.
The bullfrog hits you but does no damage.
The bullfrog closely misses you. The ogre hits you with a giant club!
The bullfrog barely misses you. The bullfrog barely misses you.
The bullfrog hits you.
* * * LOW HITPOINT WARNING * * *
You see here 25 stones.
The bullfrog swells and bulges.
Casting: Static Discharge
Confirm with . or Enter, or press ? or * to list all spells.
The ogre is struck by lightning.
The ogre is heavily wounded.
The lightning arcs!
You are struck by lightning.
* * * LOW HITPOINT WARNING * * *
The lightning arcs!
The ogre is struck by lightning.
The ogre is severely wounded.
The lightning grounds out.
The ogre barely misses you. The ogre hits you with a giant club!
You die...

..######......<###
..## #.# #.#.#.###
o.#. #.#
#.#.#.####♣♣♣ o '.
..# #.#.#.##..P.♣.♣
..#. #.####
#.#.#.....PP.♣
..#.###.....
#<#......P♣♣
...#....#
#.#.#....♣♣
#.⌠...J.# #.#.####♣♣
####.#..########@#.#
...#....(oooFO.#.#
#..#.#...#########.#
..##.#.............#
.. ..#...###########
# #######


You could see an ogre, a bullfrog and 3 orcs.

Vanquished Creatures
  A bullfrog (D:6)
  2 crimson imps
  2 bullfrog zombies (D:5)
  2 hounds (D:5)
  An orc priest (D:4)
  2 orc wizards
  An iguana (D:5)
  5 adders
  An ooze (D:1)
  3 worms
  A dart slug (D:1)
  2 leopard geckos (D:5)
  20 orcs
  8 giant cockroaches
  6 goblins
  10 hobgoblins
  5 jackals
  7 kobolds
  3 quokkas
  A ball python (D:1)
  5 bats
  3 frilled lizards
  A quokka skeleton (D:5)
  7 rats
99 creatures vanquished.

Notes
Turn   | Place    | Note
-------+----------+-------------------------------------------
     0 | D:1      | niquify the Tengu Air Elementalist began the quest for the Orb.
     0 | D:1      | Reached XP level 1. HP: 10/10 MP: 4/4
   176 | D:1      | Reached XP level 2. HP: 4/15 MP: 0/6
   811 | D:1      | Reached XP level 3. HP: 19/19 MP: 4/7
  1503 | D:2      | Reached skill level 5 in Air Magic
  1541 | D:2      | Learned a level 3 spell: Static Discharge
  1544 | D:2      | Learned a level 2 spell: Swiftness
  1822 | D:2      | Reached XP level 4. HP: 22/24 MP: 1/9
  2392 | D:3      | HP: 1/24 [orc (4)]
  3228 | D:3      | Gained mutation: You can fly. [Tengu growth]
  3228 | D:3      | Reached XP level 5. HP: 28/28 MP: 7/10
  3556 | D:4      | Found a shadowy altar of Dithmenos.
  3557 | D:4      | Found an ancient bone altar of Kikubaaqudgha.
  3577 | D:4      | Found a white marble altar of Elyvilon.
  3577 | D:4      | Found an iron altar of Okawaru.
  3577 | D:4      | Found a radiant altar of Vehumet.
  3582 | D:4      | Found a blossoming altar of Fedhas.
  3583 | D:4      | Found a sacrificial altar of Ru.
  3584 | D:4      | Found a stormy altar of Qazlal.
  3762 | D:4      | Became a worshipper of Vehumet
  3824 | D:4      | Learned a level 2 spell: Repel Missiles
  4094 | D:4      | Reached skill level 6 in Air Magic
  4240 | D:4      | Reached XP level 6. HP: 32/32 MP: 10/12
  4256 | D:5      | Entered Level 5 of the Dungeon
  4921 | D:5      | Reached skill level 1 in Polearms
  4928 | D:5      | Reached * piety under Vehumet
  4928 | D:5      | Offered knowledge of Flame Tongue by Vehumet.
  4933 | D:5      | Learned a level 1 spell: Flame Tongue
  5226 | D:5      | Reached skill level 1 in Fighting
  5226 | D:5      | Reached XP level 7. HP: 38/38 MP: 6/13
  5372 | D:6      | Found a shattered altar of Ashenzari.
  5393 | D:6      | Slain by an ogre

Skill      XL: |  1  2  3  4  5  6  7 |
---------------+----------------------+-----
Conjurations   | 2 3 4 |  4.8
Air Magic      | 5 6 |  6.7
Spellcasting   | 3 4 |  4.0
Polearms       | 1 |  1.5
Fighting       | 1 |  1.1
Axes           | |  0.9
Dodging        | |  2.7
Stealth        | |  2.2

Action                   |  1- 3 |  4- 6 |  7- 9 || total
-------------------------+-------+-------+-------++-------
Melee: Hand axe          |    13 |     2 |       ||    15
       Unarmed           |     3 |       |       ||     3
       Kick              |     4 |    13 |     1 ||    18
       Peck              |     1 |     5 |       ||     6
       Spear             |       |    22 |       ||    22
       Trident           |       |    21 |     2 ||    23
 Cast: Shock             |    69 |   150 |     6 ||   225
       Static Discharge  |     1 |     8 |     4 ||    13
       Swiftness         |     1 |     2 |       ||     3
       Repel Missiles    |       |     1 |       ||     1
       Flame Tongue      |       |     1 |       ||     1
  Use: Scroll            |     4 |     6 |       ||    10
       Potion            |       |     3 |       ||     3
  Eat: Bread ration      |     1 |     3 |       ||     4
Armor: Robe              |    12 |    14 |     2 ||    28
Dodge: Dodged            |    25 |    61 |    10 ||    96
       Deflected         |       |     1 |       ||     1
